 Dungeon Crawl Stone Soup version 0.30-a0-702-gdf48620a09 (webtiles) character file.

Game seed: 13684112345631477650

6130 gelatine the Thaumaturge (level 10, -15/67 HPs)
             Began as a Demonspawn Fire Elementalist on Jan 22, 2023.
             Was a Believer of Vehumet.
             Demolished by a death knight
             ... wielding a +1 broad axe of venom
              (29 damage)
             ... on level 8 of the Dungeon.
             The game lasted 00:30:26 (10468 turns).

gelatine the Thaumaturge (DsFE)                    Turns: 10468, Time: 00:30:26

Health: -15/67     AC:  7    Str:  9    XL:     10   Next: 59%
Magic:  18/20      EV: 13    Int: 21    God:    Vehumet [**....]
Gold:   525        SH:  0    Dex: 15    Spells: 20/27 levels left

rFire   + . .      SeeInvis .    r - +2 dagger (venom)
rCold   + . .      Faith    .    (no shield)
rNeg    + + .      Spirit   .    o - +1 leather armour of Insatiable Hunger {rF+ rC+ rN+ Dex+2}
rPois   .          Reflect  .    (helmet unavailable)
rElec   .          Harm     .    j - scarf {repulsion}
rCorr   .          Rampage  .    (no gloves)
Will    .....                    K - +2 pair of boots
Stlth   ++                       (no amulet)
HPRegen 0.31/turn                h - ring of positive energy
MPRegen 0.17/turn                (no ring)

@: lethally poisoned (-15 -> -31), repel missiles
A: horns 3, ignite blood 1, powered by death 1, sturdy frame 1, low MP 1
a: Renounce Religion


You were on level 8 of the Dungeon.
You worshipped Vehumet.
Vehumet was pleased with you.
You visited 2 branches of the dungeon, and saw 9 of its levels.

You collected 602 gold pieces.
You spent 77 gold pieces at shops.

Inventory:

Hand Weapons
 a - the +8 spear "Beczisiu" {freeze, Fly rPois Will++ Int-4 SInv}
   (You found it on level 3 of the Dungeon)

   Int:       It affects your intelligence (-4).
   rPois:     It protects you from poison.
   SInv:      It lets you see invisible.
   Fly:       It grants you flight.
   Will:      It greatly increases your willpower.
 r - a +2 dagger of venom (weapon)
 v - a +1 dagger of electrocution
 y - a +0 rapier
 B - a +2 dagger of freezing
 G - a +3 long sword of freezing
 H - a +5 falchion
 L - a +3 short sword of draining
 R - a +3 scimitar
 S - a +1 short sword of venom
Missiles
 C - 11 poisoned darts
Armour
 f - +0 steam dragon scales
 g - a +2 robe of positive energy
 j - a scarf of repulsion (worn)
 o - the +1 leather armour of Insatiable Hunger (worn) {rF+ rC+ rN+ Dex+2}
   (You found it on level 3 of the Dungeon)

   Dex:       It affects your dexterity (+2).
   rF:        It protects you from fire.
   rC:        It protects you from cold.
   rN:        It protects you from negative energy.
 z - a +2 leather armour of cold resistance
 K - a +2 pair of boots (worn)
 T - a +2 leather armour of cold resistance
Magical Staves
 x - a staff of air
Jewellery
 h - a ring of positive energy (left hand)
 U - a +6 ring of intelligence
Wands
 e - a wand of mindburst (13)
 w - a wand of iceblast (13)
 F - a wand of polymorph (9)
 N - a wand of flame (30)
 P - a wand of charming (4)
Scrolls
 d - 2 scrolls of vulnerability
 i - a scroll of magic mapping {unknown}
 k - 4 scrolls of teleportation
 l - a scroll of fog
 n - a scroll of noise {unknown}
 p - a scroll of acquirement {unknown}
 s - 2 scrolls of fear {unknown}
 u - a scroll of immolation {unknown}
 E - a scroll of torment {unknown}
 I - a scroll of enchant weapon {unknown}
 M - a scroll of silence {unknown}
 O - a scroll of brand weapon {unknown}
Potions
 b - a potion of magic
 c - 2 potions of flight
 m - 3 potions of might
 q - 2 potions of ambrosia {unknown}
 t - 2 potions of brilliance {unknown}
 A - a potion of berserk rage {unknown}
 D - 3 potions of curing {unknown}
 Q - a potion of attraction {unknown}


   Skills:
 + Level 2.1 Fighting
 + Level 2.8 Short Blades
 + Level 0.3 Staves
 + Level 3.6 Dodging
 + Level 3.2 Stealth
 + Level 0.2 Unarmed Combat
 + Level 9.0 Spellcasting
 + Level 6.7 Conjurations
 + Level 8.9 Fire Magic
 + Level 0.3 Evocations


You had 20 spell levels left.
You knew the following spells:

 Your Spells              Type           Power      Damage    Failure   Level
a - Foxfire               Conj/Fire      100%       2x1d9     1%          1
b - Scorch                Fire           94%        2d10      1%          2
c - Flame Wave            Conj/Fire      42%        2d11      3%          4

Your spell library contained the following spells:

 Spells                   Type           Power      Damage    Failure   Level
 Kiss of Death            Conj/Necr      92%        2d12      1%          1
 Inner Flame              Hex/Fire       28%        N/A       3%          3
 Stone Arrow              Conj/Erth      46%        3d9       6%          3
 Kindle Blastsparks       Fire/Tloc/Air  42%        2d13      7%          3
 Sandblast                Erth           18%        2d7       8%          1
 Slow                     Hex            36%        N/A       8%          1
 Sting                    Tmut/Pois      36%        1d4       8%          1
 Passwall                 Tmut/Erth      7%         N/A       12%         2
 Poisonous Vapours        Pois/Air       18%        N/A       12%         2
 Confusing Touch          Hex            9%         N/A       22%         3
 Vampiric Draining        Necr           9%         2d6       22%         3
 Olgreb's Toxic Radiance  Pois           9%         N/A       58%         4


Dungeon Overview and Level Annotations

Branches:
Dungeon (8/15)             Temple (1/1) D:5
   Lair: D:8-11

Altars:
Ashenzari
Cheibriados
Dithmenos
Fedhas
Gozag
Hepliaklqana
Kikubaaqudgha
Makhleb
Nemelex Xobeh
Okawaru
Qazlal
Ru
Sif Muna
Trog
Uskayaw
Vehumet
Lugonu

Shops:
D:3 *[?(*

Annotations:
D:3 3 runed translucent doors, Newt's ghost, amateur DsGl; drugrobin's ghost, weakling DgDe; testman's ghost, amateur DrTm
D:7 2 transporters


Innate Abilities, Weirdness & Mutations

You have a pair of large horns on your head.
Your demonic aura sometimes causes spilled blood to erupt in flames.
You regenerate a little health from kills.
Your movements are slightly less encumbered by armour. (ER -2)
Your magical capacity is low. (-10% MP)


Message History

You are lethally poisoned!
You feel much better.
You feel very sick. The steam dragon breathes steam at you.
The ball of steam misses you.
The death knight hits you with a +1 broad axe of venom!!
* * * LOW HITPOINT WARNING * * *
You are lethally poisoned!
You feel much better.
You feel very sick.
The death knight's dark mirror aura disappears.
The steam dragon closely misses you. x2
The death knight hits you with a +1 broad axe of venom!!
* * * LOW HITPOINT WARNING * * *
You are more poisoned.
Magic courses through your body.
* * * LOW HITPOINT WARNING * * *
You feel extremely sick. The steam dragon closely misses you.
The steam dragon completely misses you. The death knight misses you.
Casting: Scorch (safe; 1% risk of failure)
Confirm with . or Enter, or press ? or * to list all spells.
Flames lash the death knight.
The death knight is burned terribly!
The death knight is severely wounded.
* * * LOW HITPOINT WARNING * * *
You feel very sick. The steam dragon closely misses you.
The steam dragon claws you but does no damage.
The death knight is engulfed in a cloud of scalding steam.
The death knight invokes the aid of Yredelemnul against you.
You feel a surge of unholy energy.
You feel much better.
* * * LOW HITPOINT WARNING * * *
You feel very sick. The steam dragon breathes steam at you.
The ball of steam hits you. You resist.
* * * LOW HITPOINT WARNING * * *
The death knight is engulfed in a cloud of scalding steam.
The death knight hits you with a +1 broad axe of venom!!
You die...

######......####.###
##...##......###..#
....#........##...#
...#....####....#.#
..#..........##.#.# . .
#.......###....#.# ..
.. #.....[.###....#.#
8.. ~~.
##....#.[##.D..#.# P..~
#....#[..#@§..#.# §...~
#......).§p.....#......
#....#.#§..§...........
#....#.#...§#####.#####
.# #....#.#>...# ...
..# #....#.###..# #.#
... #.#.##.###..# ##
#.. ##.....<.....#
#####..#.######........


You could see a death knight (combustible) and a steam dragon (catching breath,
combustible).

Vanquished Creatures
  2 cyclopes (D:8)
  A deep elf pyromancer (D:8)
  An ugly thing (D:8)
  An unseen horror zombie (D:8)
  2 trolls (D:8)
  Grinder (D:6)
  Sigmund (D:5)
  A wyvern (D:8)
  Eustachio (D:4)
  A basilisk (D:8)
  A steam dragon (D:8)
  A swamp worm (shapeshifter) (D:8)
  Duvessa (D:7)
  A water moccasin (D:7)
  A hornet zombie (D:8)
  An orc warrior (D:6)
  A sky beast (D:7)
  3 ice beasts
  A kobold brigand (D:8)
  2 bullfrogs (D:8)
  2 necrophages (D:5)
  A wyvern zombie (D:8)
  16 wights
  Dowan (D:7)
  A killer bee (D:8)
  A howler monkey (D:8)
  A centaur zombie (D:8)
  2 hounds
  4 jellies
  3 orc priests
  A gnoll bouda (D:7)
  2 iguanas
  4 orc wizards
  A killer bee zombie (D:8)
  A howler monkey zombie (D:8)
  Robin (D:3)
  4 gnolls
  6 adders
  2 shadow imps (D:7)
  2 white imps
  2 ufetubi
  A worm (D:5)
  23 orcs
  5 bats
  8 endoplasms
  3 giant cockroaches (D:2)
  17 goblins
  3 hobgoblins
  5 jackals
  11 kobolds
  A quokka (D:5)
  6 ball pythons
  2 frilled lizards (D:2)
  6 rats
174 creatures vanquished.

Vanquished Creatures (others)
  3 goblins (D:3)
  A hobgoblin (D:3)
  719 foxfires
  5 withered plants
728 creatures vanquished.

Grand Total: 902 creatures vanquished

Notes
Turn   | Place    | Note
-------+----------+-------------------------------------------
     0 | D:1      | gelatine the Demonspawn Fire Elementalist began the quest
                  | for the Orb.
     0 | D:1      | Reached XP level 1. HP: 13/13 MP: 3/3
   187 | D:1      | Gained mutation: Your demonic aura sometimes causes spilled
                  | blood to erupt in flames. [demonic ancestry]
   187 | D:1      | Reached XP level 2. HP: 19/19 MP: 0/5
  1249 | D:1      | Reached XP level 3. HP: 20/24 MP: 3/6
  2054 | D:2      | Found a faded altar of an unknown god.
  2467 | D:3      | Noticed Robin
  2577 | D:3      | Learned a level 2 spell: Scorch
  2632 | D:3      | Gained mutation: Your movements are slightly less
                  | encumbered by armour. (ER -2) [demonic ancestry]
  2632 | D:3      | Reached XP level 4. HP: 30/30 MP: 2/8
  2719 | D:3      | Found Mustrues's Antique Weapon Boutique.
  2730 | D:3      | Identified the +1 leather armour of Insatiable Hunger {rF+
                  | rC+ rN+ Dex+2}
  2732 | D:3      | Found Ableunim's General Store.
  2793 | D:3      | Gained mutation: You occasionally lose the ability to drink
                  | potions when taking damage. [potion of mutation]
  2793 | D:3      | Gained mutation: You are clumsy. (Dex -2) [potion of
                  | mutation]
  2793 | D:3      | Gained mutation: Your system is resistant to poisons.
                  | (rPois) [potion of mutation]
  2793 | D:3      | Lost mutation: You are clumsy. (Dex -2) [potion of
                  | mutation]
  2794 | D:3      | Bought a scroll of identify for 22 gold pieces
  2794 | D:3      | Bought a scroll of teleportation for 33 gold pieces
  2794 | D:3      | Bought a scroll of identify for 22 gold pieces
  2821 | D:3      | Found a sacrificial altar of Ru.
  2829 | D:3      | Lost mutation: Your system is resistant to poisons. (rPois)
                  | [potion of mutation]
  2829 | D:3      | Lost mutation: You occasionally lose the ability to drink
                  | potions when taking damage. [potion of mutation]
  2829 | D:3      | Gained mutation: You are frail. (-10% HP) [potion of
                  | mutation]
  2829 | D:3      | Gained mutation: You occasionally lose the ability to drink
                  | potions when taking damage. [potion of mutation]
  2868 | D:3      | Found Lallod's Magic Scroll Emporium.
  2982 | D:3      | Reached skill level 3 in Spellcasting
  3034 | D:3      | Found a runed translucent gate.
  3034 | D:3      | Found a runed translucent gate.
  3034 | D:3      | Found a runed translucent gate.
  3044 | D:3      | Noticed Newt's ghost (amateur DsGl)
  3044 | D:3      | Noticed testman's ghost (amateur DrTm)
  3045 | D:3      | Noticed drugrobin's ghost (weakling DgDe)
  3109 | D:3      | Killed Robin
  3110 | D:3      | Gained mutation: You have a pair of small horns on your
                  | head. [demonic ancestry]
  3110 | D:3      | Reached XP level 5. HP: 31/31 MP: 1/9
  3208 | D:3      | Found a stormy altar of Qazlal.
  3298 | D:3      | Found Tiffouk's General Store.
  3316 | D:3      | Identified the +8 spear "Beczisiu" {freeze, Fly rPois
                  | Will++ Int-4 SInv}
  3320 | D:3      | Found Puwavirr's Armour Emporium.
  3661 | D:4      | Noticed Eustachio
  3672 | D:4      | Killed Eustachio
  3673 | D:4      | Reached XP level 6. HP: 36/36 MP: 0/11
  3899 | D:4      | Lost mutation: You occasionally lose the ability to drink
                  | potions when taking damage. [potion of mutation]
  3899 | D:4      | Lost mutation: You are frail. (-10% HP) [potion of
                  | mutation]
  3899 | D:4      | Gained mutation: You occasionally lose the ability to drink
                  | potions when taking damage. [potion of mutation]
  4428 | D:4      | Reached skill level 4 in Spellcasting
  4700 | D:5      | Entered Level 5 of the Dungeon
  4726 | D:5      | Noticed an ice beast
  4730 | D:5      | Killed an ice beast
  4860 | D:5      | Noticed Sigmund
  4870 | D:5      | Killed Sigmund
  4871 | D:5      | Gained mutation: You regenerate a little health from kills.
                  | [demonic ancestry]
  4871 | D:5      | Reached XP level 7. HP: 47/47 MP: 3/14
  5201 | D:5      | Reached skill level 5 in Fire Magic
  5339 | D:5      | Reached skill level 5 in Spellcasting
  5708 | D:5      | Gained mutation: You have a pair of horns on your head.
                  | [demonic ancestry]
  5708 | D:5      | Reached XP level 8. HP: 53/53 MP: 9/16
  5891 | D:5      | Found a staircase to the Ecumenical Temple.
  5897 | Temple   | Entered the Ecumenical Temple
  6101 | Temple   | Became a worshipper of Vehumet
  6255 | D:6      | Lost mutation: You occasionally lose the ability to drink
                  | potions when taking damage. [potion of mutation]
  6255 | D:6      | Gained mutation: You sometimes lose your temper in combat.
                  | [potion of mutation]
  6255 | D:6      | Gained mutation: Your magical capacity is low. (-10% MP)
                  | [potion of mutation]
  6255 | D:6      | Lost mutation: You sometimes lose your temper in combat.
                  | [potion of mutation]
  6554 | D:6      | Reached skill level 6 in Spellcasting
  6815 | D:6      | Noticed Grinder
  6824 | D:6      | Killed Grinder
  6825 | D:6      | Reached skill level 1 in Fighting
  7023 | D:6      | Reached skill level 1 in Short Blades
  7552 | D:7      | Reached * piety under Vehumet
  7552 | D:7      | Offered knowledge of Sandblast by Vehumet.
  7563 | D:7      | Gained mutation: You have a pair of large horns on your
                  | head. [demonic ancestry]
  7563 | D:7      | Reached XP level 9. HP: 59/59 MP: 5/17
  7644 | D:7      | Noticed Duvessa
  7645 | D:7      | Noticed Dowan
  7650 | D:7      | Killed Duvessa
  7652 | D:7      | Killed Dowan
  7711 | D:7      | Noticed a red ugly thing
  7712 | D:7      | Found a transporter.
  7712 | D:7      | Noticed a cyan ugly thing
  7712 | D:7      | Noticed a white ugly thing
  7719 | D:7      | Found a corrupted altar of Lugonu.
  7762 | D:7      | Found a burning altar of Makhleb.
  7850 | D:7      | Reached skill level 7 in Spellcasting
  8006 | D:7      | Found a hazy altar of Hepliaklqana.
  8197 | D:7      | Found a transporter.
  8267 | D:7      | Found an iron altar of Okawaru.
  8563 | D:8      | Noticed a deep elf pyromancer
  8570 | D:8      | Killed a deep elf pyromancer
  8571 | D:8      | Reached skill level 5 in Conjurations
  8864 | D:8      | Offered knowledge of Kiss of Death by Vehumet.
  8870 | D:8      | Learned a level 4 spell: Flame Wave
  9045 | D:8      | Reached ** piety under Vehumet
  9084 | D:8      | Noticed a troll
  9091 | D:8      | Killed a troll
  9092 | D:8      | Reached XP level 10. HP: 67/67 MP: 3/19
  9131 | D:8      | Noticed a cyclops
  9148 | D:8      | Killed a cyclops
  9149 | D:8      | Reached skill level 8 in Spellcasting
  9166 | D:8      | Noticed a green ugly thing
 10052 | D:8      | Noticed a cyclops
 10061 | D:8      | Killed a cyclops
 10072 | D:8      | Killed a green ugly thing
 10445 | D:8      | Noticed a death knight
 10457 | D:8      | Reached skill level 9 in Spellcasting
 10467 | D:8      | HP: 2/67 [poisoned by a death knight]
 10468 | D:8      | Demolished by a death knight

Illustrated notes

Levels and vault maps discovered:
D:1:      dpeg_arrival_rooms_a, layout_loops_ring, serial_co_window_serial,
          co_window_paths_a, co_window_corner_a, co_window_of_opportunity_a,
          co_window_of_opportunity_a, co_window_paths_a,
          co_window_of_opportunity_a, co_window_paths_a, co_window_cross_2,
          co_window_paths_c, co_window_cross_2, co_window_paths_e
D:2:      layout_basic, chequers_ecumenical_altar_simple_redux
D:3:      layout_loops_ring, nicolae_ru_sacrificial_ziggurat,
          grunt_qazlal_clouds, serial_shops, nicolae_shop_behind_doors,
          nicolae_diamond_shop, nicolae_shop_temple_entry_statues_fountains,
          nicolae_diamond_shop, nicolae_square_shop, gammafunk_ghost_cemetery,
          uniq_robin
D:4:      layout_basic, kennysheep_nub, roderic_roman_lattice,
          amcnicky_mini_corridor_feature, uniq_eustachio
D:5:      layout_loops_cross, minmay_temple_entry_fiery, uniq_sigmund
D:6:      layout_loops_cross, uniq_grinder
D:7:      gammafunk_corrupted_shrine, layout_basic,
          nicolae_overflow_hidden_temple, mainiacjoe_overflow_six_doors_small,
          overflow_temple_1_default, minmay_misc_feat_room, uniq_duvessa
D:8:      layout_basic, serial_undead, serial_undead_c, serial_undead_a,
          serial_undead_e, serial_undead_e, hangedman_decor_slide_cut,
          minmay_the_grid_2x2 [minmay_the_grid_minigrid_small,
          minmay_the_grid_large_cup, minmay_the_grid_slots,
          minmay_the_grid_prize_big_room]
Temple:   eino_narrow_crystal_temple

Skill      XL: |  1  2  3  4  5  6  7  8  9 10 |
---------------+-------------------------------+-----
Fire Magic     | 3 4 5 6 8 |  8.9
Dodging        | 2 3 |  3.6
Stealth        | 2 3 |  3.2
Spellcasting   | 3 4 5 6 7 9 |  9.0
Conjurations   | 2 3 4 5 6 |  6.7
Fighting       | 1 2 |  2.1
Short Blades   | 1 2 |  2.8
Staves         | |  0.3
Unarmed Combat | |  0.2
Evocations     | |  0.3

Action                   |  1- 3 |  4- 6 |  7- 9 | 10-12 || total
-------------------------+-------+-------+-------+-------++-------
Melee: Unarmed           |    21 |       |       |       ||    21
       Quarterstaff      |     6 |     8 |       |       ||    14
       Dagger            |       |    13 |    79 |    18 ||   110
       Headbutt          |       |     3 |    15 |     2 ||    20
       Punch             |       |       |     2 |       ||     2
 Cast: Foxfire           |    98 |    54 |   208 |    96 ||   456
       Scorch            |     2 |    16 |    41 |    19 ||    78
       Flame Wave        |       |       |       |     1 ||     1
Evoke: Wand              |       |       |     2 |       ||     2
  Use: Scroll            |       |    10 |     2 |       ||    12
       Potion            |       |     4 |     2 |     4 ||    10
Armor: Robe              |    11 |       |       |       ||    11
       Leather armour    |       |     5 |    15 |     8 ||    28
Dodge: Dodged            |    34 |    13 |    81 |    28 ||   156
       Repelled          |       |       |     1 |     1 ||     2

Table legend: (Time is in decaauts)
 A = Elapsed time spent in this place.
 B = Non-inter-level travel time spent in this place.
 C = Inter-level travel time spent in this place.
 D = Time resting spent in this place.
 E = Time spent auto-exploring this place.
 F = Levels seen in this place.
 G = Mean time per level.
                   A        B        C        D        E       F      G
               +--------+--------+--------+--------+--------+-----+--------+
         Total |  10461 |   9881 |    580 |    111 |   8310 |   9 | 1162.3 |
       Dungeon |  10250 |   9690 |    560 |    111 |   8128 |   8 | 1281.2 |
        Temple |    210 |    190 |     20 |      0 |    182 |   1 |  210.0 |
               +--------+--------+--------+--------+--------+-----+--------+

Top non-repeatable levels by time:
     D:8: 1601 daAuts
     D:1: 1577 daAuts
     D:7: 1346 daAuts
     D:5: 1334 daAuts
     D:6: 1266 daAuts
     D:4: 1111 daAuts
     D:3: 1028 daAuts
     D:2: 984 daAuts
  Temple: 210 daAuts
